Map: Orbital Shipyard

Players

LazyLotuS

  • Race: Terran Terran
  • League: Diamond

VampyWorm - Winner!

  • Race: Protoss Protoss
  • League: Master

VOD

Have the link to the VOD?

Description

Time

  • Played on: Dec. 21, 2015, 6:53 p.m.
  • Length: 11:13
Show
View Real Time Build Order
Export as new Build Order

LazyLotuS Terran 

Build Orders:  

Get SALT Encoding   

  12  0:01  SCV  
  13  0:13  SCV  
  14  0:17  Supply Depot  
  14  0:25  SCV  
  15  0:39  SCV  
  15  0:40  Barracks  
  16  0:51  SCV  
  17  1:03  SCV  
  18  1:14  Command Center  
  18  1:17  SCV  
  19  1:28  Barracks  
  19  1:37  Orbital Command  
  19  1:40  Marine  
  20  1:49  Supply Depot  
  20  1:54  Refinery  
  20  1:57  Refinery  
  20  2:02  Marine  
  20  2:04  SCV  
  22  2:15  Marine  
  22  2:20  Marine  
  22  2:22  SCV  
  25  2:31  Orbital Command  
  25  2:34  Marine  
  26  2:37  SCV  
  27  2:45  Barracks Reactor  
  27  2:51  Marine  
  27  2:53  SCV  
  28  2:59  SCV, Factory  
  28  3:05  SCV  
  30  3:11  SCV  
  31  3:13  Barracks Tech Lab  
  31  3:17  SCV  
  32  3:21  Marine x2  
  32  3:23  SCV  
  35  3:30  Barracks  
  35  3:33  Barracks  
  36  3:34  SCV  
  36  3:35  SCV  
  36  3:39  Engineering Bay  
  36  3:40  Stimpack  
  37  3:44  Starport  
  37  3:46  Factory Reactor  
  37  3:48  SCV  
  38  3:49  SCV  
  38  3:51  Marine  
  38  3:54  Marine  
  41  4:03  Supply Depot  
  41  4:05  Terran Infantry Weapons Level 1  
  41  4:06  SCV  
  41  4:07  SCV  
  43  4:13  Marine x3  
  43  4:15  Liberator  
  46  4:18  Refinery  
  46  4:25  Marine x2  
  46  4:26  Supply Depot  
  48  4:33  Marine x3  
  54  4:44  Supply Depot x2  
  54  4:48  SCV x2, Marine x2  
  58  4:54  Marine x2  
  56  5:07  Liberator  
  56  5:08  Liberator  
  51  5:19  Missile Turret  
  50  5:24  Missile Turret  
  50  5:26  Marine x2  
  37  5:55  SCV  
  37  6:07  SCV  
  37  6:08  Missile Turret  
  37  6:33  Orbital Command  
  31  6:59  SCV x2  
  33  7:04  Command Center  
  30  7:17  SCV x2  
  30  7:21  Marine x4  
  30  7:22  Marine  
  36  7:29  SCV  
  33  7:43  Medivac x2  
  32  8:01  Marine x2  
  34  8:15  Marine x2  
  33  8:26  SCV  
  35  8:28  SCV, Orbital Command  
  35  8:31  Terran Infantry Armor Level 1  
  35  8:38  SCV  
  35  8:40  SCV  
  37  8:47  Marine x2  
  37  8:48  Marine x3  
  41  8:50  SCV  
  41  8:52  SCV  
  44  9:00  SCV  
  44  9:02  SCV  
  37  9:43  SCV x3  
  36  9:51  Barracks Reactor x2  
  36  9:55  SCV  
  36  9:57  Marine x3  
  39  10:15  Marine x3  
  42  10:24  SCV x3  
  42  10:27  Marine  
  42  10:28  Marine x3  
  48  10:30  Medivac x2  
  48  10:33  Marine  
  54  10:36  SCV  
  55  10:43  SCV x2  
  55  10:48  SCV  
  58  10:55  SCV  
Show
View Real Time Build Order
Export as new Build Order

VampyWorm Protoss - Winner!

Build Orders: 1 Gate Expand, Dark Templar Rush 

Get SALT Encoding   

  12  0:01  Probe (Chrono Boost)  
  13  0:12  Probe (Chrono Boost)  
  14  0:19  Pylon  
  14  0:22  Probe (Chrono Boost)  
  15  0:37  Probe (Chrono Boost)  
  15  0:39  Gateway  
  16  0:48  Probe (Chrono Boost)  
  17  1:09  Nexus  
  17  1:14  Assimilator  
  17  1:20  Assimilator  
  17  1:23  Probe (Chrono Boost)  
  18  1:33  Cybernetics Core  
  18  1:37  Probe (Chrono Boost)  
  19  1:48  Probe (Chrono Boost)  
  21  2:05  Pylon  
  20  2:10  Mothership Core (Chrono Boost)  
  20  2:11  Warp Gate  
  22  2:21  Probe (Chrono Boost)  
  23  2:30  Twilight Council  
  23  2:31  Probe x2 (Chrono Boost)  
  24  2:42  Adept  
  28  2:49  Probe x2 (Chrono Boost)  
  28  2:55  Robotics Facility  
  28  3:03  Pylon  
  28  3:06  Probe (Chrono Boost)  
  28  3:09  Probe (Chrono Boost)  
  30  3:16  Probe (Chrono Boost)  
  31  3:23  Dark Shrine  
  32  3:31  Gateway  
  31  3:38  Gateway  
  31  3:47  Warp Prism (Chrono Boost)  
  33  3:50  Probe  
  33  3:52  Probe  
  35  4:02  Probe x2  
  37  4:13  Probe  
  37  4:14  Probe  
  37  4:16  Assimilator  
  37  4:17  Pylon  
  39  4:23  Probe  
  39  4:26  Probe  
  41  4:34  Probe  
  41  4:36  Dark Templar  
  41  4:37  Dark Templar  
  46  4:38  Stalker  
  46  4:39  Probe  
  49  4:49  Probe, Observer (Chrono Boost)  
  51  4:53  Probe, Assimilator  
  52  5:02  Probe  
  53  5:12  Dark Templar x2  
  56  5:14  Probe  
  56  5:17  Probe  
  55  5:26  Probe  
  55  5:28  Probe  
  57  5:38  Probe x2  
  57  5:47  Dark Templar x2  
  61  5:50  Probe x2  
  61  6:01  Probe  
  62  6:07  Pylon  
  62  6:09  Pylon  
  62  6:13  Blink (Chrono Boost)  
  62  6:14  Nexus  
  62  6:17  Pylon  
  62  6:18  Pylon  
  62  6:19  Probe  
  62  6:21  Probe, Assimilator  
  62  6:27  Assimilator  
  62  6:28  Adept x2  
  62  6:29  Adept  
  62  6:30  Probe  
  67  6:33  Probe  
  66  6:40  Probe  
  66  6:45  Probe  
  68  6:51  Probe  
  62  6:57  Probe  
  62  6:59  Stalker x3  
  58  7:02  Probe  
  52  7:09  Probe  
  52  7:12  Probe  
  54  7:21  Probe  
  55  7:22  Adept  
  55  7:23  Probe, Adept x2  
  58  7:33  Probe  
  58  7:34  Probe  
  58  7:44  Probe  
  58  7:46  Probe  
  58  7:48  Warp Prism (Chrono Boost)  
  62  7:54  Probe  
  62  7:58  Probe  
  60  7:59  Gateway x2  
  60  8:04  Pylon  
  60  8:05  Probe  
  60  8:13  Probe, Forge  
  60  8:14  Probe, Pylon  
  60  8:18  Probe  
  62  8:25  Probe, Robotics Bay  
  62  8:26  Pylon  
  64  8:27  Adept x2  
  64  8:28  Stalker  
  70  8:35  Probe  
  70  8:41  Probe  
  72  8:42  Probe  
  72  8:45  Probe  
  72  8:48  Protoss Ground Weapons Level 1, Charge (Chrono Boost)  
  74  8:52  Probe, Photon Cannon  
  74  8:53  Probe  
  74  8:55  Photon Cannon  
  76  8:57  Photon Cannon  
  76  9:00  Probe, Photon Cannon  
  75  9:04  Photon Cannon  
  75  9:07  Probe  
  75  9:08  Probe  
  74  9:13  Probe  
  75  9:18  Probe  
  75  9:23  Stalker x3  
  77  9:25  Stalker, Probe  
  77  9:29  Probe  
  77  9:30  Probe  
  81  9:36  Probe  
  80  9:41  Probe  
  80  9:45  Probe  
  81  9:51  Dark Templar x2  
  81  9:52  Dark Templar  
  87  9:53  Zealot x2  
  87  9:57  Probe  
  92  10:16  Observer  
  92  10:18  Stalker x2  
  97  10:31  Dark Templar x2  
  101  10:39  Probe  
  101  10:42  Dark Templar  
  104  10:44  Zealot x2  
  104  10:46  Archon x2  
  104  10:49  Probe  
  108  10:51  Probe  
  110  10:57  Forge  
  110  11:02  Gateway  
Tags
 
Add a new tag
Caveats
  • Supply blocks, unpowered buildings, or Contaminate may cause inaccurate times.
  • Supply counts are checked every 10 seconds.